 Dungeon Crawl Stone Soup version 0.31-a0-1-g4198be8af4 (webtiles) character file.

Game seed: 10287600409602028007

7491 LobsterGuardian the Nimble (level 10, -2/79 HPs)
             Began as a Demonspawn Monk on Apr 30, 2023.
             Was a Follower of Uskayaw.
             Slain by a death yak (18 damage)
             ... on level 9 of the Dungeon.
             The game lasted 00:22:49 (10550 turns).

LobsterGuardian the Nimble (Demonspawn Monk)       Turns: 10550, Time: 00:22:49

Health: -2/79      AC: 12    Str: 16    XL:     10   Next: 95%
Magic:  19/25      EV: 20    Int: 11    God:    Uskayaw [*.....]
Gold:   349        SH:  0    Dex: 28    Spells: 9/9 levels left

rFire   . . .        j - +0 dire flail
rCold   . . .        (shield currently unavailable)
rNeg    . . .        m - +0 ring mail
rPois   .            B - +0 helmet {SInv}
rElec   .            (no cloak)
rCorr   .            C - +0 pair of gloves
SInv    +            D - +0 pair of boots
Will    .....        g
                       - Hermit's Pendant {Faith Invo=14 Evo=0 MP+5}
Stlth   ++           s - +6 ring of dexterity
HPRegen 0.33/turn    p - +6 ring of dexterity
MPRegen 0.19/turn

%: faith
@: no status effects
A: thin metallic scales 2, demonic guardian 1, powered by death 1, demonic touch
1
a: Renounce Religion, Stomp


You were on level 9 of the Dungeon.
You worshipped Uskayaw.
Uskayaw was noncommittal.
You visited 2 branches of the dungeon, and saw 11 of its levels.

You collected 414 gold pieces.
You spent 65 gold pieces at shops.

Inventory:

Hand Weapons
 a - a +1 mace
 j - a +0 dire flail (weapon)
 v - the +6 trident of the Maze {spect, Str+3}
   (You found it on level 10 of the Dungeon)

   Str:       It affects your strength (+3).
Armour
 d - an orb of light
 m - a +0 ring mail (worn)
 B - a +0 helmet of see invisible (worn)
 C - a +0 pair of gloves (worn)
 D - a +0 pair of boots (worn)
Jewellery
 e - a ring of positive energy
 g - the Hermit's Pendant (around neck) {Faith Invo=14 Evo=0 MP+5}
   (You found it on level 2 of the Dungeon)

   [amulet of faith]

   Invo=14: It sets your Invocations skill to 14.
   Evo=0: It sets your Evocations skill to 0.
   It allows you to gain divine favour quickly.
   MP:        It affects your magic capacity (+5).
 p - a +6 ring of dexterity (right hand)
 r - a ring of resist corrosion
 s - a +6 ring of dexterity (left hand)
Wands
 h - a wand of mindburst (4)
 i - a wand of charming (21)
 y - a wand of flame (24)
 A - a wand of quicksilver (1)
Scrolls
 b - a scroll of silence
 c - a scroll of enchant weapon
 f - a scroll of blinking
 k - a scroll of enchant armour
 u - 2 scrolls of amnesia
 E - a scroll of fear
Potions
 l - 2 potions of magic
 n - 5 potions of curing
 o - 3 potions of lignification
 q - 4 potions of flight
 t - a potion of resistance
 w - 2 potions of mutation {unknown}
 x - 2 potions of cancellation {unknown}
 z - a potion of attraction
 F - a potion of berserk rage


   Skills:
 + Level 7.5 Fighting
 + Level 9.7 Maces & Flails
 * Level 4.8 Armour
 + Level 10.0 Dodging
 - Level 0.4(14.0) Invocations


You had 9 spell levels left.
You didn't know any spells.
Your spell library contained the following spells:

 Spells                   Type           Power      Damage    Failure   Level
 Sandblast                Erth           0%         2d4       54%         1
 Cigotuvi's Dreadful Rot  Necr/Pois/Air  0%         N/A       67%         2
 Passwall                 Tmut/Erth      0%         N/A       67%         2
 Static Discharge         Conj/Air       0%         2-2/arc   67%         2
 Ozocubu's Armour         Ice            0%         N/A       88%         3
 Stone Arrow              Conj/Erth      0%         3d7       88%         3
 Airstrike                Air            0%         2d(0-16)  99%         4
 Anguish                  Hex/Necr       0%         N/A       99%         4
 Animate Dead             Necr           0%         N/A       99%         4
 Cause Fear               Hex            0%         N/A       99%         4
 Dispel Undead            Necr           0%         3d6       99%         4
 Summon Lightning Spire   Summ/Air       0%         N/A       99%         4
 Borgnjor's Vile Clutch   Necr/Erth      0%         N/A       100%        5
 Death Channel            Necr           0%         N/A       100%        6
 Dragon Form              Tmut           0%         N/A       100%        7
 Enfeeble                 Hex            0%         N/A       100%        7
 Ozocubu's Refrigeration  Ice            0%         4d7       100%        7
 Dragon's Call            Summ           0%         N/A       100%        9


Dungeon Overview and Level Annotations

Branches:
Dungeon (10/15)            Temple (1/1) D:4            Lair (0/5) D:9
    Orc: D:9-12

Altars:
Ashenzari
Cheibriados
Dithmenos
Fedhas
Gozag
Hepliaklqana
Kikubaaqudgha
Makhleb
Nemelex Xobeh
Okawaru
Qazlal
Ru
Sif Muna
Trog
Uskayaw
Vehumet
Wu Jian
Xom
Yredelemnul

Shops:
D:10 !

Annotations:
D:10 exclusions: ice statue and orange crystal statue


Innate Abilities, Weirdness & Mutations

You are mostly covered in thin metallic scales. (AC +3)
A weak demonic guardian rushes to your aid.
You regenerate a little health from kills.
Your touch may inflict minor irresistible damage on your foes.


Message History

You stomp with the beat, sending a shockwave through the revellers around you!
You kill the river rat!
The death yak is moderately wounded.
You can no longer stomp with the beat.
The death yak gores you!
You can now stomp with the beat.
The death yak completely misses you.
You see here a river rat corpse.
You barely miss the death yak.
The death yak is moderately wounded.
The death yak gores you!! The death yak attacks as you move away!
The death yak closely misses you.
You barely miss the death yak.
The death yak is moderately wounded.
The death yak gores you but does no damage.
Okay, then.
Okay, then.
You hit the death yak.
The death yak is moderately wounded.
The death yak completely misses you.
You hit the death yak but do no damage.
The death yak is moderately wounded.
The death yak misses you.
Press: ? - help, v - describe, . - travel A rock wall.
You hit the death yak.
The death yak is heavily wounded.
You puncture the death yak!
The death yak is heavily wounded.
The death yak gores you!
* * * LOW HITPOINT WARNING * * *
A demonic guardian appears!
You can now pass through a line of other dancers.
Aiming: Line Pass
Press: ? - help, Dir - move target The death yak appears confused.
You can no longer pass through a line of other dancers.
Unknown command.
The death yak gores you!!
You die...

....(..#.###)).........
.......#...[[[.........
.......#####[..........
.......# #...........
...###.# #..........≈
.#.# #.# #..........≈
.### .# #....5.....≈ ##
.# ####Y#####.≈ #.@>#
###.## #..# ####.####
####.......#
...........###
.###.........#
#.......#.# #(....÷.# #


You could see a death yak (confused).

Vanquished Creatures
  2 two-headed ogres (D:10)
  A kobold demonologist (D:10)
  A troll (D:10)
  A hornet (D:7)
  A wyvern (D:9)
  4 yaks (D:10)
  Menkaure (D:7)
  A water moccasin (D:8)
  5 orc warriors
  A black bear (D:6)
  3 ice beasts (D:6)
  2 sky beasts
  5 ogres
  2 centaurs
  A phantom (D:5)
  6 kobold brigands
  4 bullfrogs
  A gnoll sergeant (D:7)
  A scorpion (D:7)
  20 killer bees
  4 howler monkeys (D:10)
  An electric eel (D:10)
  2 jellies
  12 orc priests
  A hound (D:6)
  A sleepcap (D:6)
  Natasha (twice) (D:2)
  An iguana (D:7)
  10 orc wizards
  A hell rat (D:9)
  8 gnolls
  7 adders
  A river rat (D:9)
  2 white imps (D:6)
  An ufetubus (D:6)
  3 worms
  46 orcs
  A ball python (D:4)
  3 endoplasms
  14 giant cockroaches
  4 goblins
  8 hobgoblins
  9 jackals
  4 quokkas
  6 bats
  2 frilled lizards
  29 kobolds
  5 rats
251 creatures vanquished.

Vanquished Creatures (collateral kills)
  A bullfrog (D:8)
  Ijyb (D:5)
  A gnoll (D:2)
  A goblin (D:3)
  A kobold (D:2)
  A bat (D:2)
6 creatures vanquished.

Grand Total: 257 creatures vanquished

Notes
Turn   | Place    | Note
-------+----------+-------------------------------------------
     0 | D:1      | LobsterGuardian the Demonspawn Monk began the quest for the
                  | Orb.
     0 | D:1      | Reached XP level 1. HP: 18/18 MP: 1/1
   373 | D:1      | You fall into a shaft and drop 1 floor!
   406 | D:1      | Gained mutation: You regenerate a little health from kills.
                  | [demonic ancestry]
   406 | D:1      | Reached XP level 2. HP: 24/24 MP: 2/2
   893 | D:2      | Noticed Natasha
   900 | D:2      | Killed Natasha
   901 | D:2      | Gained mutation: A weak demonic guardian rushes to your
                  | aid. [demonic ancestry]
   901 | D:2      | Reached XP level 3. HP: 17/29 MP: 3/3
  1385 | D:2      | Reached XP level 4. HP: 32/35 MP: 4/4
  1568 | D:2      | Noticed Natasha
  1577 | D:2      | HP: 1/35 [gnoll/+0 spear (7)]
  1602 | D:2      | Killed Natasha
  1603 | D:2      | Reached skill level 5 in Maces & Flails
  1759 | D:2      | Found the Hermit's Pendant {Faith Invo=14 Evo=0 MP+5}
  2658 | D:3      | Gained mutation: You are partially covered in thin metallic
                  | scales. (AC +2) [demonic ancestry]
  2658 | D:3      | Reached XP level 5. HP: 31/41 MP: 5/5
  2847 | D:4      | Found a staircase to the Ecumenical Temple.
  2858 | Temple   | Entered the Ecumenical Temple
  2865 | Temple   | Became a worshipper of Uskayaw the Reveller
  2865 | Temple   | Reached * piety under Uskayaw
  3423 | D:4      | Reached ** piety under Uskayaw
  3428 | D:4      | Reached *** piety under Uskayaw
  3431 | D:4      | Reached **** piety under Uskayaw
  3433 | D:4      | Reached XP level 6. HP: 44/47 MP: 16/16
  3435 | D:4      | Reached ***** piety under Uskayaw
  3661 | D:4      | Found a shimmering blue altar of Sif Muna.
  3667 | D:4      | Found a shadowy altar of Dithmenos.
  4032 | D:4      | Reached skill level 3 in Dodging
  4105 | D:5      | Entered Level 5 of the Dungeon
  4382 | D:5      | Noticed Ijyb
  4394 | D:5      | Killed Ijyb
  4585 | D:5      | Reached XP level 7. HP: 45/52 MP: 17/17
  4669 | D:5      | Reached skill level 4 in Dodging
  5285 | D:6      | Gained mutation: Your touch may inflict minor irresistible
                  | damage on your foes. [demonic ancestry]
  5285 | D:6      | Reached XP level 8. HP: 34/60 MP: 18/18
  5391 | D:6      | Reached skill level 5 in Dodging
  5642 | D:6      | Reached skill level 6 in Dodging
  5884 | D:6      | Reached skill level 5 in Fighting
  6144 | D:7      | Noticed Menkaure
  6156 | D:7      | HP: 3/62 [Menkaure (18)]
  6159 | D:7      | Killed Menkaure
  6387 | D:7      | Gained mutation: You are mostly covered in thin metallic
                  | scales. (AC +3) [demonic ancestry]
  6387 | D:7      | Reached XP level 9. HP: 68/68 MP: 19/19
  6595 | D:7      | Reached skill level 1 in Armour
  6595 | D:7      | Reached skill level 7 in Dodging
  8322 | D:9      | Noticed a death yak
  8325 | D:9      | Found a staircase to the Lair.
  8325 | D:9      | Noticed a death yak
  8581 | D:9      | Noticed a death yak
  8644 | D:9      | Reached XP level 10. HP: 76/79 MP: 17/20
  8791 | D:9      | Reached skill level 8 in Dodging
  8931 | D:10     | Entered Level 10 of the Dungeon
  9268 | D:10     | Noticed an orange demon
  9270 | D:10     | Noticed a sun demon
  9291 | D:10     | Reached skill level 9 in Dodging
  9445 | D:10     | Found Etaudox's Distillery.
  9452 | D:10     | Bought a potion of heal wounds for 65 gold pieces
  9465 | D:10     | Identified the +6 trident of the Maze {spect, Str+3}
  9476 | D:10     | Noticed a two-headed ogre
  9493 | D:10     | Killed a two-headed ogre
  9796 | D:10     | Noticed a two-headed ogre
  9823 | D:10     | Killed a two-headed ogre
  9824 | D:10     | Reached skill level 10 in Dodging
  9884 | D:10     | Noticed an orange crystal statue
 10142 | D:10     | Noticed an ice statue
 10550 | D:9      | Slain by a death yak

Illustrated notes

Levels and vault maps discovered:
D:1:      scummos_arrival_simple_fountains, layout_basic, serial_corexii_hall,
          corexii_hall_statues_s, corexii_hall_statues_l,
          corexii_hall_statues_l, chequers_hall_statues_y,
          chequers_serial_rivers_small_b
D:2:      minmay_roachtagon, layout_basic, basic_altar,
          nicolae_kite_square_tiling_tiny, minmay_unequal, uniq_natasha
D:3:      layout_basic, minmay_misc_feat_more_columns
D:4:      cheibrodos_thug_alley, layout_basic, grunt_temple_overflow_open,
          minmay_temple_entry_proselytizer
D:5:      layout_loops_ring, uniq_ijyb
D:6:      layout_gridville, kennysheep_small_circle
D:7:      layout_gridville, minmay_misc_feat_ornament, uniq_menkaure
D:8:      layout_basic, nicolae_wwwww, nicolae_concentric_dashed_squares_wild
D:9:      layout_roguey, dpeg_lair_monsters, serial_rivers,
          chequers_serial_rivers_micro_d, chequers_serial_rivers_small_b,
          chequers_serial_rivers_micro_b, chequers_serial_rivers_marsh,
          chequers_serial_rivers_large_b, chequers_serial_rivers_marsh,
          minivault_25_ag, minivault_7, uniq_joseph
D:10:     minmay_separated_statues, layout_basic, serial_shops, shop,
          kennysheep_opposing_triangles
Temple:   hellmonk_temple_of_storms

Skill      XL: |  1  2  3  4  5  6  7  8  9 10 |
---------------+-------------------------------+-----
Maces & Flails | 3 4 5 6 7 8 9 |  9.7
Dodging        | 3 4 6 7 10 | 10.0
Fighting       | 5 7 |  7.5
Armour         | 3 4 |  4.8
Invocations    | |  0.4

Action                     |  1- 3 |  4- 6 |  7- 9 | 10-12 || total
---------------------------+-------+-------+-------+-------++-------
  Melee: Mace              |    70 |   198 |   243 |    42 ||   553
         Touch             |       |       |    47 |     9 ||    56
         Punch             |       |       |     2 |     1 ||     3
         Dire flail        |       |       |       |   101 ||   101
 Invoke: Stomp             |       |     3 |    31 |    14 ||    48
         Line Pass         |       |       |     4 |     3 ||     7
         Grand Finale      |       |       |       |     1 ||     1
  Evoke: Wand              |       |       |     1 |     3 ||     4
    Use: Scroll            |     4 |     6 |     6 |     5 ||    21
         Potion            |       |     5 |    10 |     4 ||    19
   Stab: Paralysed         |       |     7 |    12 |     7 ||    26
         Confused          |       |       |     3 |     3 ||     6
         Sleeping          |       |       |     1 |       ||     1
 Armour: Robe              |    15 |    17 |       |       ||    32
         Ring mail         |       |    42 |   100 |    47 ||   189
  Dodge: Dodged            |    49 |   134 |   253 |   158 ||   594

Table legend: (Time is in decaauts)
 A = Elapsed time spent in this place.
 B = Non-inter-level travel time spent in this place.
 C = Inter-level travel time spent in this place.
 D = Time resting spent in this place.
 E = Time spent auto-exploring this place.
 F = Levels seen in this place.
 G = Mean time per level.
                   A        B        C        D        E       F      G
               +--------+--------+--------+--------+--------+-----+--------+
         Total |  10578 |   9840 |    738 |      0 |   8176 |  11 |  961.6 |
       Dungeon |  10501 |   9763 |    738 |      0 |   8132 |  10 | 1050.1 |
        Temple |     76 |     76 |      0 |      0 |     44 |   1 |   76.0 |
               +--------+--------+--------+--------+--------+-----+--------+

Top non-repeatable levels by time:
    D:10: 1587 daAuts
     D:4: 1300 daAuts
     D:8: 1191 daAuts
     D:2: 1153 daAuts
     D:5: 1127 daAuts
     D:7: 1089 daAuts
     D:3: 962 daAuts
     D:6: 943 daAuts
     D:1: 818 daAuts
     D:9: 329 daAuts
  Temple: 76 daAuts
